[ AOE2 MATCH · #484253133 ]
UnrankedMalay vs Khitans
[ REPLAY ANALYSIS · EXTRACTED FROM THE RECORDED GAME ]
Feudal
9:46
Castle
20:55
Imperial
37:47
| APM avg | 64.0 |
| APM peak | 105 |
| eAPM avg | 29.6 |
| Villagers / military | 99 / 86 |
Focus
⚔️ 35.2% · 🌾 64.8%
Archer ×72 · Battle Elephant ×9 · Militia ×3 · Spearman ×2
Feudal
9:15
Castle
20:53
Imperial
—
| APM avg | 67.4 |
| APM peak | 120 |
| eAPM avg | 26.3 |
| Villagers / military | 164 / 88 |
Focus
⚔️ 36.3% · 🌾 63.7%
Camel Scout ×30 · Cavalry Archer ×29 · Scout Cavalry ×27 · Steppe Lancer ×2
Feudal
9:00
Castle
22:58
Imperial
39:55
| APM avg | 37.5 |
| APM peak | 74 |
| eAPM avg | 18.4 |
| Villagers / military | 153 / 89 |
Focus
⚔️ 31.5% · 🌾 68.5%
Steppe Lancer ×76 · Scout Cavalry ×6 · Kipchak ×5 · Trebuchet (Packed) ×2
Feudal
10:42
Castle
24:03
Imperial
—
| APM avg | 35.8 |
| APM peak | 84 |
| eAPM avg | 11.6 |
| Villagers / military | 84 / 45 |
Focus
⚔️ 28.5% · 🌾 71.5%
Knight ×28 · Spearman ×11 · Scout Cavalry ×4 · Monk ×2
Feudal
10:33
Castle
23:41
Imperial
—
| APM avg | 24.3 |
| APM peak | 49 |
| eAPM avg | 14.2 |
| Villagers / military | 94 / 67 |
Focus
⚔️ 31.8% · 🌾 68.2%
Archer ×28 · Spearman ×22 · Camel Archer ×17
Feudal
9:45
Castle
28:57
Imperial
—
| APM avg | 35.8 |
| APM peak | 96 |
| eAPM avg | 21.9 |
| Villagers / military | 80 / 52 |
Focus
⚔️ 23.8% · 🌾 76.2%
Composite Bowman ×28 · Militia ×24
Match map
Initial resources + every placement click. Lines = walls · curves = elevation contours. ◆ gold · ⬟ stone · ● berries · ✦ relic · ◌ wall gap
Your base· ✓ Closed at 20:55 · 54t walls · 1 gate(s)
Polenta's base· ✓ Closed at 20:53 · 44t walls · 1 gate(s)
[Traidor] Christoffel's base· ✓ Closed at 22:58 · 55t walls · no gate
[Traidor] Staun's base· ✓ Closed at 24:03 · 40t walls · 2 gate(s)
jerius02's base· ✓ Closed at 23:41 · 57t walls · no gate
Teyocesu's base· ✓ Closed at 28:57 · 74t walls · 1 gate(s)
Smoothed initial terrain · ◌ = detected wall gap · hover for details
Inputs per minute
— Clancy |-/ - - Polenta
Build order — Clancy |-/
First 150 of 353 actions detected
| 0:01 | Create | Villager (Male) |
| 0:01 | Create | Villager (Male) |
| 0:03 | Build | House |
| 0:04 | Create | Villager (Male) |
| 0:05 | Build | House |
| 0:15 | Create | Villager (Male) |
| 1:33 | Create | Villager (Male) |
| 1:37 | Create | Villager (Male) |
| 2:03 | Build | Lumber Camp |
| 2:05 | Create | Villager (Male) |
| 2:55 | Create | Villager (Male) |
| 3:13 | Create | Villager (Male) |
| 3:24 | Build | House |
| 3:25 | Build | House |
| 3:36 | Create | Villager (Male) |
| 3:57 | Create | Villager (Male) |
| 4:31 | Build | Mill |
| 4:37 | Build | Mill |
| 4:37 | Create | Villager (Male) |
| 5:03 | Create | Villager (Male) |
| 5:04 | Create | Villager (Male) |
| 5:27 | Create | Villager (Male) |
| 6:19 | Create | Villager (Male) |
| 6:42 | Create | Villager (Male) |
| 7:13 | Create | Villager (Male) |
| 7:32 | Create | Villager (Male) |
| 7:34 | Create | Villager (Male) |
| 7:45 | Research | Loom |
| 7:47 | Research | Feudal Age |
| 8:09 | Build | Barracks |
| 8:20 | Build | Mining Camp |
| 8:36 | Build | House |
| 9:12 | Create | Militia |
| 9:12 | Create | Militia |
| 9:12 | Create | Militia |
| 9:17 | Build | Palisade Wall |
| 9:44 | Create | Villager (Male) |
| 9:46 | Age | Feudal Age |
| 9:49 | Create | Villager (Male) |
| 9:50 | Research | Double-Bit Axe |
| 10:05 | Build | Palisade Wall |
| 10:06 | Create | Villager (Male) |
| 10:08 | Build | Archery Range |
| 10:14 | Research | Man-at-Arms (upgrade) |
| 10:21 | Create | Villager (Male) |
| 10:27 | Create | Spearman |
| 10:35 | Build | Palisade Wall |
| 11:03 | Create | Villager (Male) |
| 11:06 | Build | Farm |
| 11:07 | Build | Farm |
| 11:09 | Create | Archer |
| 11:09 | Create | Archer |
| 11:13 | Build | House |
| 11:14 | Build | House |
| 11:17 | Build | Palisade Wall |
| 11:18 | Build | Palisade Wall |
| 11:25 | Create | Archer |
| 11:51 | Build | Palisade Wall |
| 11:55 | Build | Farm |
| 12:09 | Create | Archer |
| 12:11 | Create | Villager (Male) |
| 12:14 | Build | Farm |
| 12:14 | Create | Villager (Male) |
| 12:21 | Build | Palisade Wall |
| 12:22 | Create | Villager (Male) |
| 12:29 | Create | Villager (Male) |
| 12:42 | Create | Spearman |
| 12:46 | Create | Villager (Male) |
| 13:03 | Create | Archer |
| 13:53 | Create | Villager (Male) |
| 13:55 | Build | Blacksmith |
| 14:03 | Build | Palisade Gate |
| 14:08 | Create | Villager (Male) |
| 14:17 | Build | Archery Range |
| 14:18 | Create | Villager (Male) |
| 14:22 | Build | House |
| 14:23 | Build | House |
| 14:25 | Research | Fletching |
| 14:50 | Create | Archer |
| 14:51 | Create | Archer |
| 14:51 | Create | Villager (Male) |
| 14:54 | Build | Farm |
| 14:58 | Build | Farm |
| 14:58 | Build | Farm |
| 14:59 | Build | Farm |
| 14:59 | Build | Farm |
| 14:59 | Build | Farm |
| 15:20 | Build | Farm |
| 15:20 | Create | Villager (Male) |
| 15:27 | Create | Archer |
| 15:27 | Create | Archer |
| 15:31 | Build | Farm |
| 15:54 | Build | Farm |
| 15:56 | Build | Farm |
| 15:57 | Create | Villager (Male) |
| 16:17 | Create | Archer |
| 16:23 | Create | Archer |
| 16:28 | Build | Farm |
| 16:36 | Create | Villager (Male) |
| 16:47 | Build | Lumber Camp |
| 16:49 | Create | Villager (Male) |
| 16:58 | Build | House |
| 16:59 | Build | House |
| 17:29 | Create | Villager (Male) |
| 17:32 | Build | House |
| 17:49 | Research | Wheelbarrow |
| 18:08 | Create | Archer |
| 19:18 | Build | House |
| 19:19 | Research | Castle Age |
| 19:32 | Create | Archer |
| 19:32 | Create | Archer |
| 19:40 | Build | Archery Range |
| 19:45 | Build | House |
| 19:51 | Create | Archer |
| 20:34 | Build | Farm |
| 20:36 | Build | Farm |
| 20:41 | Create | Archer |
| 20:42 | Create | Archer |
| 20:55 | Age | Castle Age |
| 20:58 | Create | Archer |
| 20:58 | Create | Archer |
| 20:59 | Research | Bodkin Arrow |
| 21:03 | Create | Villager (Male) |
| 21:04 | Create | Villager (Male) |
| 21:12 | Build | Town Center |
| 21:15 | Build | House |
| 21:20 | Build | Palisade Wall |
| 21:20 | Build | Palisade Wall |
| 21:21 | Build | Palisade Wall |
| 21:29 | Create | Archer |
| 21:30 | Create | Archer |
| 21:50 | Create | Archer |
| 21:50 | Create | Archer |
| 22:02 | Create | Archer |
| 22:03 | Create | Archer |
| 22:05 | Research | Thumb Ring |
| 22:08 | Create | Villager (Male) |
| 22:09 | Build | Farm |
| 22:09 | Build | Farm |
| 22:11 | Build | Farm |
| 22:14 | Build | Stable |
| 22:25 | Build | Palisade Gate |
| 22:26 | Build | Palisade Wall |
| 22:28 | Create | Villager (Male) |
| 22:35 | Build | Farm |
| 22:37 | Build | Farm |
| 22:38 | Build | Farm |
| 22:38 | Create | Archer |
| 22:43 | Research | Crossbowman (upgrade) |
| 22:45 | Create | Villager (Male) |
Build order — Polenta
First 150 of 444 actions detected
| 0:00 | Create | Villager (Male) |
| 0:01 | Create | Villager (Male) |
| 0:02 | Build | House |
| 0:02 | Build | House |
| 0:06 | Create | Villager (Male) |
| 0:06 | Create | Villager (Male) |
| 0:07 | Create | Villager (Male) |
| 1:25 | Create | Villager (Male) |
| 1:25 | Create | Villager (Male) |
| 1:48 | Build | Lumber Camp |
| 1:50 | Create | Villager (Male) |
| 1:50 | Create | Villager (Male) |
| 1:52 | Build | Lumber Camp |
| 2:21 | Create | Villager (Male) |
| 2:21 | Create | Villager (Male) |
| 2:21 | Create | Villager (Male) |
| 2:43 | Create | Villager (Male) |
| 2:43 | Create | Villager (Male) |
| 3:01 | Create | Villager (Male) |
| 3:01 | Create | Villager (Male) |
| 3:38 | Create | Villager (Male) |
| 3:46 | Build | House |
| 3:50 | Create | Villager (Male) |
| 4:09 | Build | House |
| 4:16 | Create | Villager (Male) |
| 4:16 | Create | Villager (Male) |
| 4:32 | Build | Palisade Wall |
| 4:46 | Create | Villager (Male) |
| 5:14 | Create | Villager (Male) |
| 5:16 | Build | Mill |
| 5:18 | Create | Villager (Male) |
| 5:18 | Create | Villager (Male) |
| 5:33 | Create | Villager (Male) |
| 5:58 | Build | Palisade Wall |
| 5:58 | Build | Palisade Wall |
| 5:58 | Build | Palisade Wall |
| 5:59 | Build | Palisade Wall |
| 6:22 | Build | Palisade Wall |
| 6:23 | Build | Palisade Wall |
| 6:34 | Create | Villager (Male) |
| 6:36 | Research | Loom |
| 7:01 | Build | Lumber Camp |
| 7:05 | Research | Feudal Age |
| 7:19 | Build | Palisade Wall |
| 7:22 | Build | Palisade Wall |
| 8:33 | Build | Barracks |
| 8:42 | Create | Villager (Male) |
| 8:59 | Create | Villager (Male) |
| 9:15 | Age | Feudal Age |
| 9:16 | Build | Lumber Camp |
| 9:25 | Build | Stable |
| 9:34 | Research | Double-Bit Axe |
| 9:58 | Create | Villager (Male) |
| 10:00 | Research | Tech 1014 |
| 10:07 | Create | Scout Cavalry |
| 10:07 | Create | Scout Cavalry |
| 10:09 | Build | House |
| 10:13 | Build | House |
| 10:22 | Create | Villager (Male) |
| 10:39 | Build | Pasture |
| 10:56 | Build | Pasture |
| 10:57 | Create | Villager (Male) |
| 11:06 | Build | House |
| 11:16 | Create | Villager (Male) |
| 11:31 | Create | Villager (Male) |
| 11:46 | Build | House |
| 11:57 | Build | Palisade Wall |
| 11:58 | Build | Palisade Wall |
| 11:59 | Build | Palisade Wall |
| 12:01 | Create | Villager (Male) |
| 12:05 | Create | Scout Cavalry |
| 12:07 | Create | Villager (Male) |
| 12:07 | Create | Villager (Male) |
| 12:07 | Create | Villager (Male) |
| 12:13 | Build | Pasture |
| 12:26 | Build | Palisade Gate |
| 12:38 | Create | Villager (Male) |
| 12:44 | Build | Pasture |
| 12:53 | Create | Villager (Male) |
| 13:02 | Build | Blacksmith |
| 13:04 | Build | Pasture |
| 13:12 | Build | Pasture |
| 13:22 | Create | Scout Cavalry |
| 13:23 | Create | Villager (Male) |
| 13:30 | Create | Villager (Male) |
| 13:54 | Create | Villager (Male) |
| 13:57 | Build | Pasture |
| 14:04 | Build | Pasture |
| 14:13 | Create | Villager (Male) |
| 14:19 | Build | Mining Camp |
| 14:30 | Create | Villager (Male) |
| 14:43 | Create | Villager (Male) |
| 14:45 | Build | Pasture |
| 14:51 | Build | House |
| 14:53 | Build | House |
| 15:00 | Research | Forging |
| 15:20 | Build | Palisade Wall |
| 15:20 | Build | Palisade Wall |
| 15:27 | Create | Villager (Male) |
| 15:28 | Build | House |
| 15:36 | Create | Scout Cavalry |
| 15:46 | Create | Villager (Male) |
| 15:49 | Build | Pasture |
| 15:57 | Build | Lumber Camp |
| 16:00 | Build | Lumber Camp |
| 16:01 | Create | Villager (Male) |
| 16:11 | Create | Villager (Male) |
| 17:21 | Build | Lumber Camp |
| 17:25 | Build | Stable |
| 17:28 | Create | Villager (Male) |
| 17:35 | Research | Gold Mining |
| 17:39 | Create | Villager (Male) |
| 18:13 | Research | Castle Age |
| 18:16 | Create | Scout Cavalry |
| 18:16 | Create | Scout Cavalry |
| 18:29 | Research | Scale Barding Armor |
| 18:41 | Build | House |
| 18:47 | Build | Palisade Wall |
| 18:51 | Create | Scout Cavalry |
| 18:52 | Create | Scout Cavalry |
| 19:02 | Create | Scout Cavalry |
| 19:04 | Create | Villager (Male) |
| 19:04 | Create | Villager (Male) |
| 19:07 | Build | Pasture |
| 19:15 | Build | Palisade Wall |
| 19:15 | Build | Palisade Wall |
| 19:20 | Create | Scout Cavalry |
| 19:33 | Create | Scout Cavalry |
| 19:55 | Create | Scout Cavalry |
| 20:19 | Create | Villager (Male) |
| 20:26 | Create | Scout Cavalry |
| 20:28 | Create | Scout Cavalry |
| 20:33 | Build | House |
| 20:53 | Age | Castle Age |
| 20:57 | Research | Light Cavalry (upgrade) |
| 20:57 | Research | Light Cavalry (upgrade) |
| 20:59 | Research | Iron Casting |
| 21:02 | Create | Villager (Male) |
| 21:07 | Build | Town Center |
| 21:15 | Research | Husbandry |
| 21:24 | Create | Villager (Male) |
| 21:31 | Build | Town Center |
| 21:56 | Create | Villager (Male) |
| 22:05 | Create | Villager (Male) |
| 22:12 | Create | Villager (Male) |
| 22:14 | Create | Villager (Male) |
| 22:16 | Research | Bow Saw |
| 22:18 | Create | Camel Scout |
| 22:19 | Create | Camel Scout |
| 22:19 | Create | Camel Scout |
Build order — [Traidor] Christoffel
First 150 of 413 actions detected
| 0:00 | Create | Villager (Male) |
| 0:01 | Create | Villager (Male) |
| 0:01 | Create | Villager (Male) |
| 0:03 | Build | House |
| 0:05 | Build | House |
| 0:19 | Create | Villager (Male) |
| 1:35 | Create | Villager (Male) |
| 1:52 | Create | Villager (Male) |
| 2:18 | Build | Lumber Camp |
| 2:26 | Create | Villager (Male) |
| 2:43 | Create | Villager (Male) |
| 2:59 | Create | Villager (Male) |
| 3:25 | Build | House |
| 3:32 | Create | Villager (Male) |
| 4:01 | Create | Villager (Male) |
| 4:19 | Create | Villager (Male) |
| 4:25 | Build | Mill |
| 4:46 | Create | Villager (Male) |
| 5:06 | Create | Villager (Male) |
| 5:31 | Create | Villager (Male) |
| 5:40 | Research | Loom |
| 6:50 | Research | Feudal Age |
| 8:15 | Build | Palisade Wall |
| 8:18 | Build | Palisade Wall |
| 8:34 | Build | Barracks |
| 9:00 | Age | Feudal Age |
| 9:02 | Create | Villager (Male) |
| 9:22 | Create | Villager (Male) |
| 9:27 | Build | House |
| 9:31 | Build | Stable |
| 9:34 | Research | Double-Bit Axe |
| 9:55 | Build | Palisade Wall |
| 10:06 | Create | Villager (Male) |
| 10:07 | Create | Scout Cavalry |
| 10:07 | Create | Scout Cavalry |
| 10:17 | Build | Palisade Wall |
| 10:21 | Build | Palisade Wall |
| 10:22 | Build | Palisade Wall |
| 10:28 | Create | Villager (Male) |
| 10:30 | Create | Scout Cavalry |
| 10:50 | Build | House |
| 10:53 | Build | Palisade Wall |
| 10:55 | Build | Palisade Wall |
| 10:56 | Build | Palisade Wall |
| 10:58 | Create | Villager (Male) |
| 11:07 | Build | House |
| 11:36 | Build | Town Center |
| 11:45 | Create | Villager (Male) |
| 11:59 | Create | Scout Cavalry |
| 12:05 | Create | Villager (Male) |
| 12:08 | Build | Farm |
| 12:20 | Create | Scout Cavalry |
| 12:24 | Build | Farm |
| 12:35 | Build | Farm |
| 12:55 | Create | Villager (Male) |
| 13:06 | Build | Farm |
| 13:12 | Create | Villager (Male) |
| 13:27 | Create | Villager (Male) |
| 13:32 | Build | Farm |
| 13:39 | Build | Palisade Wall |
| 13:50 | Build | Farm |
| 13:53 | Build | Farm |
| 13:56 | Create | Villager (Male) |
| 13:58 | Build | House |
| 14:15 | Build | Farm |
| 14:20 | Create | Villager (Male) |
| 14:23 | Create | Villager (Male) |
| 14:25 | Build | Farm |
| 14:34 | Create | Villager (Male) |
| 14:37 | Build | Farm |
| 14:41 | Create | Villager (Male) |
| 14:52 | Create | Villager (Male) |
| 15:06 | Create | Villager (Male) |
| 15:08 | Build | Farm |
| 15:18 | Create | Villager (Male) |
| 15:20 | Build | Farm |
| 15:31 | Create | Villager (Male) |
| 15:34 | Build | Farm |
| 15:37 | Create | Scout Cavalry |
| 15:50 | Create | Villager (Male) |
| 16:01 | Build | Farm |
| 16:08 | Build | Farm |
| 16:11 | Build | Farm |
| 16:16 | Create | Villager (Male) |
| 16:19 | Create | Villager (Male) |
| 16:25 | Build | Mining Camp |
| 16:26 | Create | Villager (Male) |
| 16:30 | Build | House |
| 16:46 | Research | Wheelbarrow |
| 16:53 | Build | House |
| 16:57 | Create | Villager (Male) |
| 17:03 | Research | Horse Collar |
| 17:11 | Create | Villager (Male) |
| 17:13 | Create | Villager (Male) |
| 17:22 | Build | Lumber Camp |
| 17:25 | Create | Villager (Male) |
| 17:38 | Create | Villager (Male) |
| 17:40 | Create | Villager (Male) |
| 17:41 | Build | Farm |
| 17:59 | Create | Villager (Male) |
| 18:03 | Build | Farm |
| 18:21 | Build | Farm |
| 18:29 | Create | Villager (Male) |
| 18:35 | Build | Farm |
| 18:57 | Create | Villager (Male) |
| 19:00 | Build | Blacksmith |
| 19:10 | Create | Villager (Male) |
| 19:17 | Build | Farm |
| 19:18 | Build | Farm |
| 19:19 | Build | House |
| 19:30 | Build | House |
| 19:32 | Build | House |
| 19:39 | Create | Villager (Male) |
| 19:44 | Create | Villager (Male) |
| 20:18 | Research | Castle Age |
| 20:23 | Build | Stable |
| 20:35 | Create | Villager (Male) |
| 20:54 | Create | Villager (Male) |
| 20:56 | Research | Scale Barding Armor |
| 21:33 | Research | Forging |
| 21:42 | Create | Villager (Male) |
| 22:11 | Research | Bloodlines |
| 22:11 | Research | Bloodlines |
| 22:18 | Create | Villager (Male) |
| 22:22 | Build | Stable |
| 22:30 | Build | Farm |
| 22:31 | Build | Farm |
| 22:34 | Build | Farm |
| 22:36 | Create | Villager (Male) |
| 22:58 | Age | Castle Age |
| 22:59 | Create | Steppe Lancer |
| 23:00 | Create | Steppe Lancer |
| 23:01 | Research | Chain Barding Armor |
| 23:02 | Create | Villager (Male) |
| 23:11 | Build | Town Center |
| 23:20 | Create | Villager (Male) |
| 23:21 | Create | Steppe Lancer |
| 23:24 | Create | Villager (Male) |
| 23:27 | Build | Market |
| 23:36 | Create | Villager (Male) |
| 23:40 | Create | Steppe Lancer |
| 23:48 | Create | Villager (Male) |
| 23:56 | Create | Villager (Male) |
| 24:04 | Build | House |
| 24:07 | Build | House |
| 24:09 | Build | House |
| 24:15 | Build | Palisade Wall |
| 24:20 | Build | Palisade Wall |
| 24:23 | Create | Steppe Lancer |
| 24:24 | Create | Steppe Lancer |
Build order — [Traidor] Staun
First 150 of 238 actions detected
| 0:04 | Build | House |
| 0:06 | Build | House |
| 0:32 | Create | Villager (Male) |
| 0:32 | Create | Villager (Male) |
| 0:32 | Create | Villager (Male) |
| 0:33 | Create | Villager (Male) |
| 2:16 | Create | Villager (Male) |
| 2:16 | Create | Villager (Male) |
| 2:44 | Create | Villager (Male) |
| 3:12 | Create | Villager (Male) |
| 3:23 | Create | Villager (Male) |
| 3:49 | Create | Villager (Male) |
| 4:12 | Create | Villager (Male) |
| 4:13 | Create | Villager (Male) |
| 5:04 | Build | House |
| 5:05 | Create | Villager (Male) |
| 5:05 | Create | Villager (Male) |
| 5:06 | Create | Villager (Male) |
| 5:17 | Research | Loom |
| 5:18 | Create | Villager (Male) |
| 5:34 | Build | Lumber Camp |
| 5:46 | Build | House |
| 5:49 | Build | House |
| 5:56 | Create | Villager (Male) |
| 5:56 | Create | Villager (Male) |
| 7:02 | Create | Villager (Male) |
| 7:02 | Create | Villager (Male) |
| 7:11 | Create | Villager (Male) |
| 7:12 | Create | Villager (Male) |
| 7:53 | Build | Mill |
| 7:54 | Create | Villager (Male) |
| 7:54 | Create | Villager (Male) |
| 8:32 | Research | Feudal Age |
| 8:51 | Create | Villager (Male) |
| 9:41 | Build | Barracks |
| 9:54 | Create | Villager (Male) |
| 10:26 | Create | Villager (Male) |
| 10:39 | Build | House |
| 10:42 | Age | Feudal Age |
| 10:45 | Create | Spearman |
| 10:46 | Create | Spearman |
| 11:01 | Build | Stable |
| 11:30 | Build | Gate |
| 11:45 | Create | Spearman |
| 11:48 | Create | Scout Cavalry |
| 11:50 | Create | Villager (Male) |
| 11:50 | Create | Villager (Male) |
| 11:57 | Build | Farm |
| 12:15 | Build | Palisade Wall |
| 12:25 | Create | Villager (Male) |
| 12:39 | Build | Mining Camp |
| 12:48 | Build | House |
| 12:50 | Create | Scout Cavalry |
| 12:57 | Create | Villager (Male) |
| 13:35 | Build | House |
| 13:37 | Create | Scout Cavalry |
| 13:38 | Create | Scout Cavalry |
| 13:46 | Build | Blacksmith |
| 13:49 | Build | House |
| 14:15 | Build | Watch Tower |
| 14:18 | Create | Villager (Male) |
| 14:23 | Research | Double-Bit Axe |
| 14:27 | Create | Villager (Male) |
| 14:29 | Build | Farm |
| 14:30 | Build | Farm |
| 14:36 | Build | Farm |
| 15:02 | Build | House |
| 15:05 | Build | House |
| 15:22 | Research | Scale Barding Armor |
| 15:26 | Build | House |
| 15:31 | Build | Farm |
| 15:41 | Create | Villager (Male) |
| 15:41 | Create | Villager (Male) |
| 15:57 | Build | Farm |
| 15:58 | Create | Villager (Male) |
| 16:25 | Build | Palisade Wall |
| 16:32 | Research | Forging |
| 16:39 | Create | Villager (Male) |
| 16:42 | Build | Farm |
| 16:43 | Build | Farm |
| 16:50 | Build | Farm |
| 17:40 | Build | Farm |
| 17:41 | Build | Farm |
| 17:42 | Create | Villager (Male) |
| 17:43 | Create | Villager (Male) |
| 18:08 | Build | Farm |
| 18:09 | Build | Farm |
| 18:12 | Create | Spearman |
| 18:44 | Build | Mining Camp |
| 18:54 | Build | Palisade Wall |
| 19:26 | Build | Palisade Gate |
| 19:32 | Build | Palisade Wall |
| 19:48 | Build | Palisade Wall |
| 20:30 | Create | Villager (Male) |
| 21:23 | Research | Castle Age |
| 21:45 | Build | Market |
| 22:09 | Create | Spearman |
| 22:09 | Create | Spearman |
| 22:12 | Build | Farm |
| 22:50 | Research | Scale Mail Armor |
| 22:56 | Build | House |
| 23:17 | Build | House |
| 23:18 | Build | House |
| 23:20 | Create | Spearman |
| 23:20 | Create | Spearman |
| 23:33 | Build | Farm |
| 24:01 | Build | Farm |
| 24:03 | Build | Farm |
| 24:03 | Age | Castle Age |
| 24:07 | Create | Knight |
| 24:13 | Research | Iron Casting |
| 24:20 | Build | Farm |
| 24:32 | Build | Town Center |
| 24:46 | Build | House |
| 24:47 | Build | House |
| 24:59 | Build | Farm |
| 25:00 | Create | Knight |
| 25:01 | Create | Knight |
| 25:06 | Research | Pikeman (upgrade) |
| 25:25 | Research | Horse Collar |
| 25:42 | Create | Villager (Male) |
| 25:43 | Create | Villager (Male) |
| 25:43 | Create | Villager (Male) |
| 26:00 | Create | Knight |
| 26:10 | Build | House |
| 26:27 | Build | Monastery |
| 26:45 | Build | Gate |
| 26:52 | Research | Chain Barding Armor |
| 26:59 | Build | House |
| 27:04 | Create | Villager (Male) |
| 27:08 | Build | Farm |
| 27:10 | Build | Farm |
| 27:14 | Build | Farm |
| 27:19 | Build | Farm |
| 27:22 | Build | Farm |
| 27:23 | Create | Villager (Male) |
| 27:26 | Create | Monk |
| 27:35 | Create | Knight |
| 27:52 | Create | Spearman |
| 27:52 | Create | Spearman |
| 28:01 | Build | Farm |
| 28:03 | Create | Villager (Male) |
| 28:04 | Create | Villager (Male) |
| 28:13 | Create | Villager (Male) |
| 28:13 | Create | Villager (Male) |
| 28:24 | Create | Knight |
| 28:39 | Build | Stone Wall |
| 28:44 | Create | Villager (Male) |
| 28:45 | Create | Villager (Male) |
| 29:01 | Research | Bow Saw |
Build order — jerius02
First 150 of 280 actions detected
| 0:06 | Build | House |
| 0:07 | Create | Villager (Male) |
| 0:07 | Create | Villager (Male) |
| 0:08 | Build | House |
| 0:18 | Create | Villager (Male) |
| 0:41 | Create | Villager (Male) |
| 1:41 | Create | Villager (Male) |
| 1:52 | Build | Lumber Camp |
| 2:08 | Create | Villager (Male) |
| 2:09 | Create | Villager (Male) |
| 2:32 | Create | Villager (Male) |
| 2:35 | Create | Villager (Male) |
| 2:35 | Create | Villager (Male) |
| 3:18 | Create | Villager (Male) |
| 3:49 | Create | Villager (Male) |
| 3:58 | Build | House |
| 4:07 | Create | Villager (Male) |
| 4:25 | Build | Mill |
| 4:39 | Research | Loom |
| 4:43 | Create | Villager (Male) |
| 4:44 | Create | Villager (Male) |
| 5:23 | Create | Villager (Male) |
| 5:47 | Create | Villager (Male) |
| 6:31 | Create | Villager (Male) |
| 6:53 | Build | House |
| 7:03 | Create | Villager (Male) |
| 7:03 | Create | Villager (Male) |
| 7:30 | Build | House |
| 8:08 | Build | Palisade Wall |
| 8:16 | Build | Palisade Wall |
| 8:23 | Research | Feudal Age |
| 8:37 | Build | Palisade Wall |
| 8:52 | Create | Villager (Male) |
| 8:58 | Create | Villager (Male) |
| 9:46 | Build | Barracks |
| 10:05 | Build | Mining Camp |
| 10:14 | Build | Palisade Gate |
| 10:33 | Age | Feudal Age |
| 10:34 | Build | Palisade Wall |
| 10:51 | Build | House |
| 10:57 | Build | Palisade Wall |
| 11:02 | Create | Villager (Male) |
| 11:35 | Create | Villager (Male) |
| 11:50 | Create | Villager (Male) |
| 12:05 | Build | Farm |
| 12:09 | Create | Villager (Male) |
| 12:26 | Build | Archery Range |
| 12:36 | Create | Villager (Male) |
| 13:01 | Build | House |
| 13:05 | Create | Villager (Male) |
| 13:11 | Create | Archer |
| 13:12 | Create | Archer |
| 13:13 | Create | Villager (Male) |
| 13:26 | Build | House |
| 13:33 | Build | Archery Range |
| 13:41 | Create | Spearman |
| 13:42 | Create | Spearman |
| 13:43 | Create | Villager (Male) |
| 13:54 | Build | Palisade Wall |
| 14:05 | Create | Villager (Male) |
| 14:14 | Create | Archer |
| 14:14 | Create | Archer |
| 14:15 | Create | Archer |
| 14:25 | Build | Farm |
| 14:28 | Build | Farm |
| 14:28 | Build | Farm |
| 14:30 | Create | Villager (Male) |
| 14:44 | Create | Villager (Male) |
| 14:53 | Build | Lumber Camp |
| 15:02 | Create | Villager (Male) |
| 15:08 | Build | Farm |
| 15:08 | Build | Farm |
| 15:25 | Research | Double-Bit Axe |
| 15:32 | Create | Archer |
| 15:42 | Build | Farm |
| 15:42 | Build | Farm |
| 15:47 | Create | Villager (Male) |
| 15:59 | Build | Farm |
| 16:06 | Build | House |
| 16:08 | Create | Villager (Male) |
| 16:29 | Build | Blacksmith |
| 16:36 | Build | Blacksmith |
| 16:42 | Build | House |
| 16:43 | Create | Villager (Male) |
| 16:47 | Create | Archer |
| 16:48 | Create | Archer |
| 17:09 | Build | Farm |
| 17:13 | Build | Farm |
| 17:13 | Build | Farm |
| 17:19 | Build | Farm |
| 17:21 | Build | House |
| 17:47 | Research | Fletching |
| 17:50 | Create | Villager (Male) |
| 17:51 | Create | Villager (Male) |
| 17:59 | Build | Farm |
| 18:17 | Create | Villager (Male) |
| 18:29 | Create | Archer |
| 18:29 | Create | Archer |
| 18:30 | Create | Archer |
| 18:47 | Create | Spearman |
| 18:47 | Create | Spearman |
| 18:51 | Create | Villager (Male) |
| 18:58 | Build | Farm |
| 18:58 | Build | Farm |
| 18:58 | Build | Farm |
| 18:58 | Build | Farm |
| 18:59 | Build | Farm |
| 19:03 | Create | Villager (Male) |
| 19:35 | Create | Villager (Male) |
| 19:59 | Build | House |
| 20:17 | Build | House |
| 20:27 | Research | Horse Collar |
| 20:47 | Build | Market |
| 21:01 | Research | Castle Age |
| 21:35 | Build | Mining Camp |
| 22:32 | Create | Villager (Male) |
| 22:36 | Research | Stone Mining |
| 22:43 | Build | Palisade Wall |
| 22:48 | Build | Palisade Wall |
| 22:57 | Build | Palisade Wall |
| 23:08 | Create | Villager (Male) |
| 23:28 | Create | Villager (Male) |
| 23:36 | Build | Farm |
| 23:37 | Build | Farm |
| 23:37 | Build | Farm |
| 23:37 | Build | Farm |
| 23:38 | Build | Farm |
| 23:38 | Build | Farm |
| 23:39 | Build | Farm |
| 23:41 | Age | Castle Age |
| 24:01 | Research | Bow Saw |
| 24:05 | Build | Mining Camp |
| 24:09 | Create | Villager (Male) |
| 24:13 | Build | Lumber Camp |
| 24:32 | Build | University |
| 24:44 | Research | Crossbowman (upgrade) |
| 24:46 | Create | Archer |
| 24:46 | Create | Archer |
| 24:46 | Research | Thumb Ring |
| 24:49 | Research | Bodkin Arrow |
| 24:49 | Research | Padded Archer Armor |
| 24:53 | Build | Farm |
| 24:53 | Build | Farm |
| 24:53 | Build | Farm |
| 24:54 | Create | Villager (Male) |
| 24:55 | Create | Villager (Male) |
| 25:18 | Create | Villager (Male) |
| 25:21 | Build | Farm |
| 25:43 | Research | Ballistics |
| 25:45 | Create | Villager (Male) |
Build order — Teyocesu
First 150 of 246 actions detected
| 0:02 | Build | House |
| 0:03 | Build | House |
| 0:04 | Create | Villager (Male) |
| 0:04 | Create | Villager (Male) |
| 0:04 | Create | Villager (Male) |
| 0:04 | Create | Villager (Male) |
| 1:26 | Create | Villager (Male) |
| 1:59 | Build | Mule Cart |
| 2:04 | Create | Villager (Male) |
| 2:04 | Create | Villager (Male) |
| 2:37 | Create | Villager (Male) |
| 2:48 | Create | Villager (Male) |
| 3:13 | Create | Villager (Male) |
| 3:47 | Create | Villager (Male) |
| 4:04 | Build | Mill |
| 4:13 | Create | Villager (Male) |
| 4:30 | Build | House |
| 5:18 | Create | Villager (Male) |
| 5:18 | Create | Villager (Male) |
| 5:27 | Build | House |
| 5:52 | Create | Villager (Male) |
| 5:52 | Create | Villager (Male) |
| 5:52 | Create | Villager (Male) |
| 5:52 | Create | Villager (Male) |
| 6:16 | Build | House |
| 6:26 | Research | Loom |
| 6:44 | Build | Farm |
| 7:20 | Build | Palisade Wall |
| 7:35 | Research | Feudal Age |
| 7:53 | Build | Palisade Wall |
| 8:33 | Build | Palisade Wall |
| 8:51 | Build | Barracks |
| 8:53 | Build | Palisade Wall |
| 9:03 | Build | House |
| 9:04 | Build | Palisade Wall |
| 9:45 | Age | Feudal Age |
| 9:48 | Research | Man-at-Arms (upgrade) |
| 9:52 | Create | Villager (Male) |
| 9:53 | Create | Villager (Male) |
| 10:10 | Build | Blacksmith |
| 10:13 | Build | Mill |
| 10:22 | Build | Palisade Wall |
| 10:25 | Build | Palisade Wall |
| 10:27 | Build | Palisade Wall |
| 10:42 | Build | Palisade Wall |
| 10:44 | Build | Palisade Wall |
| 10:54 | Build | Farm |
| 10:55 | Build | Farm |
| 11:04 | Research | Double-Bit Axe |
| 11:07 | Create | Villager (Male) |
| 11:07 | Create | Villager (Male) |
| 11:34 | Build | Mule Cart |
| 12:27 | Create | Villager (Male) |
| 12:27 | Create | Villager (Male) |
| 12:27 | Create | Villager (Male) |
| 12:49 | Create | Militia |
| 12:49 | Create | Militia |
| 13:04 | Build | Farm |
| 13:06 | Build | Farm |
| 13:17 | Create | Villager (Male) |
| 13:20 | Build | House |
| 13:43 | Create | Villager (Male) |
| 13:56 | Create | Militia |
| 14:02 | Build | Farm |
| 14:02 | Build | Farm |
| 14:05 | Create | Villager (Male) |
| 14:27 | Create | Villager (Male) |
| 14:53 | Build | Watch Tower |
| 14:59 | Create | Villager (Male) |
| 14:59 | Create | Villager (Male) |
| 15:05 | Create | Militia |
| 15:34 | Create | Villager (Male) |
| 15:41 | Build | Farm |
| 15:52 | Build | Palisade Gate |
| 15:59 | Build | Farm |
| 16:00 | Build | Farm |
| 16:04 | Research | Horse Collar |
| 16:05 | Create | Militia |
| 16:11 | Create | Militia |
| 16:26 | Build | Farm |
| 16:39 | Build | Mule Cart |
| 16:42 | Create | Villager (Male) |
| 16:43 | Create | Villager (Male) |
| 16:47 | Create | Militia |
| 16:54 | Build | House |
| 17:02 | Build | House |
| 17:03 | Build | House |
| 17:26 | Build | House |
| 17:30 | Build | House |
| 17:31 | Build | House |
| 17:32 | Build | House |
| 17:47 | Research | Long Swordsman (upgrade) |
| 17:47 | Create | Militia |
| 17:47 | Create | Militia |
| 17:48 | Create | Militia |
| 18:09 | Create | Militia |
| 18:11 | Create | Villager (Male) |
| 18:39 | Create | Militia |
| 18:39 | Create | Militia |
| 18:41 | Build | House |
| 18:42 | Build | House |
| 18:44 | Build | House |
| 18:47 | Build | House |
| 18:49 | Build | House |
| 19:13 | Research | Forging |
| 19:30 | Research | Town Watch |
| 19:40 | Build | House |
| 19:41 | Build | House |
| 19:53 | Create | Militia |
| 19:54 | Research | Scale Mail Armor |
| 20:43 | Create | Militia |
| 20:43 | Create | Militia |
| 20:59 | Build | Farm |
| 20:59 | Create | Villager (Male) |
| 20:59 | Create | Villager (Male) |
| 21:06 | Build | Farm |
| 21:06 | Build | Farm |
| 21:06 | Build | Farm |
| 21:06 | Build | Farm |
| 22:14 | Build | Farm |
| 22:15 | Build | Farm |
| 22:18 | Build | Farm |
| 22:19 | Build | Farm |
| 22:43 | Build | House |
| 22:47 | Build | House |
| 22:49 | Build | House |
| 22:53 | Create | Villager (Male) |
| 22:53 | Create | Villager (Male) |
| 23:11 | Build | Farm |
| 23:55 | Build | Farm |
| 24:12 | Build | Farm |
| 24:12 | Build | Farm |
| 24:16 | Create | Villager (Male) |
| 24:26 | Create | Villager (Male) |
| 24:39 | Build | Watch Tower |
| 25:44 | Build | Market |
| 26:17 | Research | Castle Age |
| 26:53 | Create | Militia |
| 26:54 | Create | Militia |
| 26:54 | Create | Militia |
| 27:19 | Create | Militia |
| 27:19 | Create | Militia |
| 27:19 | Create | Militia |
| 27:44 | Build | Watch Tower |
| 27:47 | Build | House |
| 28:18 | Create | Villager (Male) |
| 28:18 | Create | Villager (Male) |
| 28:24 | Build | Palisade Wall |
| 28:43 | Research | Gold Mining |
| 28:51 | Build | Palisade Wall |
Match timeline
| 4:32 | Polenta · wall_segment Palisade Wall x8 |
| 5:58 | Polenta · wall_segment Palisade Wall x2 |
| 5:58 | Polenta · wall_segment Palisade Wall x1 |
| 5:58 | Polenta · wall_segment Palisade Wall x1 |
| 5:59 | Polenta · wall_segment Palisade Wall x1 |
| 6:22 | Polenta · wall_segment Palisade Wall x6 |
| 6:23 | Polenta · wall_segment Palisade Wall x6 |
| 7:19 | Polenta · wall_segment Palisade Wall x2 |
| 7:20 | Teyocesu · wall_segment Palisade Wall x21 |
| 7:22 | Polenta · wall_segment Palisade Wall x1 |
| 7:53 | Teyocesu · wall_segment Palisade Wall x14 |
| 8:08 | jerius02 · wall_segment Palisade Wall x4 |
| 8:09 | Clancy |-/ · first_building Barracks |
| 8:15 | [Traidor] Christoffel · wall_segment Palisade Wall x5 |
| 8:16 | jerius02 · wall_segment Palisade Wall x15 |
| 8:18 | [Traidor] Christoffel · wall_segment Palisade Wall x6 |
| 8:33 | Polenta · first_building Barracks |
| 8:33 | Teyocesu · wall_segment Palisade Wall x1 |
| 8:34 | [Traidor] Christoffel · first_building Barracks |
| 8:37 | jerius02 · wall_segment Palisade Wall x10 |
| 8:51 | Teyocesu · first_building Barracks |
| 8:53 | Teyocesu · wall_segment Palisade Wall x1 |
| 9:00 | [Traidor] Christoffel · age_up feudal |
| 9:04 | Teyocesu · wall_segment Palisade Wall x4 |
| 9:15 | Polenta · age_up feudal |
| 9:17 | Clancy |-/ · wall_segment Palisade Wall x7 |
| 9:25 | Polenta · first_building Stable |
| 9:31 | [Traidor] Christoffel · first_building Stable |
| 9:41 | [Traidor] Staun · first_building Barracks |
| 9:45 | Teyocesu · age_up feudal |
| 9:46 | Clancy |-/ · age_up feudal |
| 9:46 | jerius02 · first_building Barracks |
| 9:55 | [Traidor] Christoffel · wall_segment Palisade Wall x12 |
| 10:05 | Clancy |-/ · wall_segment Palisade Wall x10 |
| 10:08 | Clancy |-/ · first_building Archery Range |
| 10:17 | [Traidor] Christoffel · wall_segment Palisade Wall x4 |
| 10:21 | [Traidor] Christoffel · wall_segment Palisade Wall x8 |
| 10:22 | Teyocesu · wall_segment Palisade Wall x1 |
| 10:22 | [Traidor] Christoffel · wall_segment Palisade Wall x4 |
| 10:25 | Teyocesu · wall_segment Palisade Wall x7 |
| 10:27 | Teyocesu · wall_segment Palisade Wall x1 |
| 10:33 | jerius02 · age_up feudal |
| 10:34 | jerius02 · wall_segment Palisade Wall x2 |
| 10:35 | Clancy |-/ · wall_segment Palisade Wall x12 |
| 10:42 | Teyocesu · wall_segment Palisade Wall x17 |
| 10:42 | [Traidor] Staun · age_up feudal |
| 10:44 | Teyocesu · wall_segment Palisade Wall x9 |
| 10:53 | [Traidor] Christoffel · wall_segment Palisade Wall x4 |
| 10:55 | [Traidor] Christoffel · wall_segment Palisade Wall x2 |
| 10:56 | [Traidor] Christoffel · wall_segment Palisade Wall x12 |
| 10:57 | jerius02 · wall_segment Palisade Wall x10 |
| 11:01 | [Traidor] Staun · first_building Stable |
| 11:17 | Clancy |-/ · wall_segment Palisade Wall x5 |
| 11:18 | Clancy |-/ · wall_segment Palisade Wall x2 |
| 11:51 | Clancy |-/ · wall_segment Palisade Wall x4 |
| 11:57 | Polenta · wall_segment Palisade Wall x9 |
| 11:58 | Polenta · wall_segment Palisade Wall x1 |
| 11:59 | Polenta · wall_segment Palisade Wall x1 |
| 12:15 | [Traidor] Staun · wall_segment Palisade Wall x7 |
| 12:21 | Clancy |-/ · wall_segment Palisade Wall x16 |
| 12:26 | jerius02 · first_building Archery Range |
| 13:39 | [Traidor] Christoffel · wall_segment Palisade Wall x1 |
| 13:54 | jerius02 · wall_segment Palisade Wall x1 |
| 15:20 | Polenta · wall_segment Palisade Wall x1 |
| 15:20 | Polenta · wall_segment Palisade Wall x1 |
| 16:25 | [Traidor] Staun · wall_segment Palisade Wall x11 |
| 18:47 | Polenta · wall_segment Palisade Wall x1 |
| 18:54 | [Traidor] Staun · wall_segment Palisade Wall x18 |
| 19:15 | Polenta · wall_segment Palisade Wall x1 |
| 19:15 | Polenta · wall_segment Palisade Wall x2 |
| 19:32 | [Traidor] Staun · wall_segment Palisade Wall x4 |
| 19:48 | [Traidor] Staun · wall_segment Palisade Wall x1 |
| 20:53 | Polenta · age_up castle |
| 20:55 | Clancy |-/ · age_up castle |
| 21:20 | Clancy |-/ · wall_segment Palisade Wall x1 |
| 21:20 | Clancy |-/ · wall_segment Palisade Wall x1 |
| 21:21 | Clancy |-/ · wall_segment Palisade Wall x1 |
| 22:14 | Clancy |-/ · first_building Stable |
| 22:26 | Clancy |-/ · wall_segment Palisade Wall x3 |
| 22:43 | jerius02 · wall_segment Palisade Wall x5 |
| 22:48 | jerius02 · wall_segment Palisade Wall x5 |
| 22:57 | jerius02 · wall_segment Palisade Wall x6 |
| 22:58 | [Traidor] Christoffel · age_up castle |
| 23:41 | jerius02 · age_up castle |
| 24:03 | [Traidor] Staun · age_up castle |
| 24:15 | [Traidor] Christoffel · wall_segment Palisade Wall x1 |
| 24:20 | [Traidor] Christoffel · wall_segment Palisade Wall x1 |
| 25:26 | [Traidor] Christoffel · wall_segment Palisade Wall x1 |
| 25:38 | jerius02 · first_market_buy 100 wood |
| 25:41 | [Traidor] Christoffel · first_market_buy 100 food |
| 25:41 | jerius02 · first_market_sell 100 food |
| 26:23 | [Traidor] Christoffel · wall_segment Palisade Wall x1 |
| 26:27 | [Traidor] Staun · first_building Monastery |
| 26:57 | [Traidor] Christoffel · first_market_sell 100 wood |
| 27:16 | [Traidor] Christoffel · first_building Castle |
| 27:36 | jerius02 · wall_segment Palisade Wall x2 |
| 28:24 | Teyocesu · wall_segment Palisade Wall x1 |
| 28:36 | Clancy |-/ · wall_segment Palisade Wall x16 |
| 28:39 | [Traidor] Staun · wall_segment Stone Wall x6 |
| 28:40 | Clancy |-/ · wall_segment Palisade Wall x7 |
| 28:51 | Teyocesu · wall_segment Palisade Wall x1 |
| 28:57 | [Traidor] Staun · first_market_buy 100 food |
| 28:57 | Teyocesu · age_up castle |
| 29:27 | jerius02 · first_building Castle |
| 29:37 | Teyocesu · wall_segment Palisade Wall x1 |
| 30:36 | Teyocesu · first_building Castle |
| 30:37 | Clancy |-/ · wall_segment Palisade Wall x1 |
| 30:42 | [Traidor] Christoffel · wall_segment Palisade Wall x1 |
| 31:43 | [Traidor] Staun · wall_segment Stone Wall x12 |
| 31:50 | Polenta · first_building Archery Range |
| 33:51 | Polenta · first_building Castle |
| 34:01 | Clancy |-/ · first_market_sell 100 wood |
| 34:11 | Clancy |-/ · first_building Castle |
| 34:18 | [Traidor] Staun · first_building Castle |
| 35:05 | Polenta · first_market_buy 100 food |
| 35:14 | [Traidor] Staun · wall_segment Stone Wall x1 |
| 35:52 | Clancy |-/ · first_market_buy 100 food |
| 36:13 | Clancy |-/ · wall_segment Stone Wall x8 |
| 37:23 | Polenta · first_market_sell 100 wood |
| 37:47 | Clancy |-/ · age_up imperial |
| 39:16 | Teyocesu · first_building Archery Range |
| 39:55 | [Traidor] Christoffel · age_up imperial |
| 40:37 | [Traidor] Staun · wall_segment Stone Wall x10 |
| 40:53 | Teyocesu · resign |
[ AI ANALYSIS · 1 CREDIT ]
What really happened in this match?
Wolo.gg analyzes every decision: build order, eco, micro, common mistakes by bracket. Personalized analysis on WhatsApp or Discord in 30 seconds.
Civ guide
Malay
Map guide
Arabia
Perfil
Jugador #6225317